 Seeded DCSS version 0.30-a0-924-g0ad0bf95bc (webtiles) character file.

Game seed: 3125986916090331667 (custom seed)

14 Parcival the Grave Robber (level 2, -2/19 HPs)
             Began as a Human Necromancer on Mar 22, 2023.
             Slain by a gnoll
             ... wielding a +0 flail
              (4 damage)
             ... on level 1 of the Dungeon.
             The game lasted 00:02:16 (625 turns).

Parcival the Grave Robber (Human Necromancer)        Turns: 625, Time: 00:02:16

Health: -2/19      AC:  2    Str:  8    XL:     2   Next: 55%
Magic:  0/5        EV: 12    Int: 15    God:
Gold:   34         SH:  0    Dex: 13    Spells: 3/5 levels left

rFire   . . .      SeeInvis .    (no weapon)
rCold   . . .      Faith    .    (no shield)
rNeg    . . .      Spirit   .    a - +0 robe
rPois   .          Reflect  .    (no helmet)
rElec   .          Rampage  .    (no cloak)
rCorr   .                        (no gloves)
Will    .....                    (no boots)
Stlth   ++                       (no amulet)
HPRegen 0.23/turn                (no ring)
MPRegen 0.09/turn                (no ring)

@: no status effects
A: no striking features
a: no special abilities


You were on level 1 of the Dungeon.
You visited 1 branch of the dungeon, and saw 1 of its levels.

You collected 34 gold pieces.

Inventory:

Armour
 a - a +0 robe (worn)
Jewellery
 c - an amulet of magic regeneration
Potions
 b - a potion of magic


   Skills:
 + Level 2.0 Dodging
 + Level 2.0 Stealth
 + Level 0.4 Unarmed Combat
 + Level 2.1 Spellcasting
 + Level 4.3 Necromancy


You had 3 spell levels left.
You knew the following spells:

 Your Spells              Type           Power      Damage    Failure   Level
a - Necrotise             Necr           56%        1d6       3%          1
b - Foxfire               Conj/Fire      4%         2x1d4     22%         1

Your spell library contained the following spells:

 Spells                   Type           Power      Damage    Failure   Level
 Vampiric Draining        Necr           14%        2d7       11%         3
 Animate Dead             Necr           14%        N/A       36%         4
 Agony                    Necr           14%        N/A       71%         5
 Flame Wave               Conj/Fire      1%         2d4       91%         4
 Iskenderun's Mystic Bla  Conj/Tloc      1%         2d3       91%         4
 Passage of Golubria      Tloc           1%         N/A       91%         4
 Dispersal                Tloc           0%         N/A       100%        6
 Starburst                Conj/Fire      0%         6d3       100%        6


Dungeon Overview and Level Annotations

Branches:
Dungeon (1/15)

Altars:


Message History

The foxfire hits the endoplasm.
The endoplasm is heavily wounded.
Casting: Foxfire (safe; 22% risk of failure)
Confirm with . or Enter, or press ? or * to list all spells.
Aiming: Necrotise (safe; 3% risk of failure)
Press: ? - help, Shift-Dir - straight line, f - endoplasm
Aim: an endoplasm (heavily wounded, chance to affect: 84%)
The endoplasm writhes in agony.
The endoplasm freezes you.
You are frozen.
Casting: Necrotise (safe; 3% risk of failure)
Confirm with . or Enter, or press ? or * to list all spells.
Aiming: Necrotise (safe; 3% risk of failure)
Press: ? - help, Shift-Dir - straight line, f/p - endoplasm
Aim: an endoplasm (severely wounded, chance to affect: 84%)
The endoplasm writhes in agony.
You kill the endoplasm!
Casting: Necrotise (safe; 3% risk of failure)
Confirm with . or Enter, or press ? or * to list all spells.
Aiming: Necrotise (safe; 3% risk of failure)
Press: ? - help, Shift-Dir - straight line, f - gnoll
Aim: a gnoll, wielding a +0 flail (chance to affect: 78%)
The gnoll writhes in agony.
The gnoll barely misses you.
Casting: Necrotise (safe; 3% risk of failure)
Confirm with . or Enter, or press ? or * to list all spells.
Aiming: Necrotise (safe; 3% risk of failure)
Press: ? - help, Shift-Dir - straight line, f/p - gnoll
Aim: a gnoll, wielding a +0 flail (moderately wounded, chance to affect: 78%)
The gnoll writhes in agony.
The gnoll hits you with a +0 flail!
Ouch! That really hurt!
Casting: Necrotise (safe; 3% risk of failure)
Confirm with . or Enter, or press ? or * to list all spells.
You don't have enough magic to cast this spell.
The gnoll hits you with a +0 flail.
* * * LOW HITPOINT WARNING * * *
Casting: Necrotise (safe; 3% risk of failure)
Confirm with . or Enter, or press ? or * to list all spells.
You don't have enough magic to cast this spell.
The gnoll hits you with a +0 flail.
You die...

).......
#.#
>###....
#.###### .#
.. #......#
.# #......#
.# #......#
.# ##.....#
.# #.....#
.. # #
###.### ..
#...#.###@#
.#
).......g.#
..
......#####
..... ....
##. #


You could see a gnoll.

Vanquished Creatures
  2 endoplasms (D:1)
  A hobgoblin (D:1)
  3 kobolds (D:1)
  A ball python (D:1)
  3 goblins (D:1)
  2 rats (D:1)
12 creatures vanquished.

Vanquished Creatures (collateral kills)
  An endoplasm (D:1)
1 creature vanquished.

Vanquished Creatures (others)
  9 foxfires (D:1)
9 creatures vanquished.

Grand Total: 22 creatures vanquished

Notes
Turn   | Place    | Note
-------+----------+-------------------------------------------
     0 | D:1      | Parcival the Human Necromancer began the quest for the Orb.
     0 | D:1      | Reached XP level 1. HP: 13/13 MP: 3/3
    60 | D:1      | Identified a scroll of acquirement
    60 | D:1      | Acquired the Notes on Translocational Damage
    71 | D:1      | Learned a level 1 spell: Foxfire
   187 | D:1      | Reached XP level 2. HP: 4/19 MP: 3/5
   625 | D:1      | Slain by a gnoll

Illustrated notes

Levels and vault maps discovered:
D:1:      amcnicky_arrival_single_pillar, layout_loops_cross,
          hangedman_glass_garden

Action                     || total
---------------------------++-------
  Melee: Unarmed           ||    16
   Cast: Necrotise         ||    15
         Foxfire           ||     8
    Use: Scroll            ||     1
 Armour: Robe              ||     3
  Dodge: Dodged            ||    15

Table legend: (Time is in decaauts)
 A = Elapsed time spent in this place.
 B = Non-inter-level travel time spent in this place.
 C = Inter-level travel time spent in this place.
 D = Time resting spent in this place.
 E = Time spent auto-exploring this place.
 F = Levels seen in this place.
 G = Mean time per level.
                   A        B        C        D        E       F      G
               +--------+--------+--------+--------+--------+-----+--------+
         Total |    625 |    625 |      0 |      0 |    492 |   1 |  625.0 |
       Dungeon |    625 |    625 |      0 |      0 |    492 |   1 |  625.0 |
               +--------+--------+--------+--------+--------+-----+--------+

Top non-repeatable levels by time:
     D:1: 625 daAuts
